 Dungeon Crawl Stone Soup version 0.20.0-8-g6b59dc7 (webtiles) character file.

165 Darkell the Chucker (level 5, 0/53 HPs)
             Began as an Ogre Hunter on May 30, 2017.
             Was an Initiate of Dithmenos.
             Succumbed to a worker ant's poison
             ... on level 4 of the Dungeon.
             The game lasted 00:03:59 (3714 turns).

Darkell the Chucker (Ogre Hunter)                   Turns: 3714, Time: 00:03:59

Health: 0/53       AC:  3    Str: 17    XL:     5   Next: 46%
Magic:  5/5        EV: 10    Int: 14    God:    Dithmenos [......]
Gold:   219        SH:  0    Dex:  9    Spells: 4/4 levels left

rFire    . . .     SeeInvis .   h - +0 mace
rCold    . . .     Gourm    .   (no shield)
rNeg     . . .     Faith    .   b - +0 robe
rPois    .         Spirit   .   (helmet restricted)
rElec    .         Reflect  .   (no cloak)
rCorr    .         Harm     .   (gloves unavailable)
MR       .....                  (boots unavailable)
Stlth    +.........             e - amulet of rage
Regen    0.2/turn               o - -3 ring of intelligence (curse)
MPRegen  0.1/turn               (no ring)

@: brilliant, lethally poisoned (0 -> -12)
A: unfitting armour, tough skin 1
a: Renounce Religion, Evoke Berserk Rage


You were on level 4 of the Dungeon.
You worshipped Dithmenos.
Dithmenos was noncommittal.
You were not hungry.

You visited 1 branch of the dungeon, and saw 4 of its levels.

You collected 219 gold pieces.

Inventory:

Hand Weapons
 a - a +0 short sword
 h - a +0 mace (weapon)
Missiles
 c - 8 large rocks (quivered)
 d - 2 throwing nets
Armour
 b - a +0 robe (worn)
Jewellery
 e - an amulet of rage (around neck)
 o - a cursed -3 ring of intelligence (left hand)
 x - an uncursed amulet of the gourmand {unknown}
Scrolls
 i - a scroll of magic mapping {unknown}
 j - 6 scrolls of identify {unknown}
 l - 3 scrolls of teleportation {unknown}
 n - a scroll of fear {unknown}
 r - a scroll of fog {unknown}
 t - a scroll of amnesia {unknown}
 w - 2 scrolls of blinking {unknown}
Potions
 p - 2 potions of curing {unknown}
 s - a potion of degeneration {unknown}
 u - a potion of flight {unknown}
Comestibles
 f - 4 bread rations
 g - 4 meat rations
 k - 3 fruits
 m - 3 royal jellies


   Skills:
 + Level 3.5 Fighting
 + Level 2.9 Maces & Flails
 + Level 4.4 Throwing
 + Level 2.7 Dodging
 + Level 1.0 Stealth
 * Level 0.1 Evocations


You had 4 spell levels left.
You didn't know any spells.

Dungeon Overview and Level Annotations

Branches:
Dungeon (4/15)
 Temple: D:4-7

Altars:
Dithmenos
Fedhas


Innate Abilities, Weirdness & Mutations

You are too large for most types of armour.
You have tough skin. (AC +1)


Message History

The worker ant is moderately wounded.
You feel sick. The worker ant bites you. x2
* * * LOW HITPOINT WARNING * * *
You are lethally poisoned!
The worker ant poisons you!
You barely miss the worker ant.
The worker ant is moderately wounded.
* * * LOW HITPOINT WARNING * * *
You feel sick. The worker ant bites you.
* * * LOW HITPOINT WARNING * * *
You barely miss the worker ant.
The worker ant is moderately wounded.
* * * LOW HITPOINT WARNING * * *
You feel sick.
The worker ant bites you but does no damage.
The worker ant bites you.
* * * LOW HITPOINT WARNING * * *
It was a potion of brilliance.
You feel clever all of a sudden.
You die...

#.##.####..##
#.##.........
#.##..###..#
#..........#
####.......#
#..(.....###
#.###.##.#
#.###.# .#
#.@..<# #
#a##### #. #.
#. .. .. ..


You could see a worker ant.

Vanquished Creatures
  An orc priest (D:3)
  Terence (D:2)
  Robin (D:2)
  2 adders
  An ooze (D:1)
  A worm (D:2)
  3 dart slugs (D:1)
  2 leopard geckos (D:1)
  6 bats
  2 giant cockroaches (D:1)
  14 goblins
  10 hobgoblins
  4 jackals (D:1)
  3 frilled lizards
  6 kobolds
  8 rats
65 creatures vanquished.

Notes
Turn   | Place    | Note
-------+----------+-------------------------------------------
     0 | D:1      | Darkell the Ogre Hunter began the quest for the Orb.
     0 | D:1      | Reached XP level 1. HP: 22/22 MP: 1/1
    67 | D:1      | Reached XP level 2. HP: 15/29 MP: 2/2
   754 | D:1      | Reached XP level 3. HP: 30/36 MP: 3/3
   764 | D:1      | Reached skill level 1 in Maces & Flails
  1827 | D:2      | Reached XP level 4. HP: 45/45 MP: 4/4
  1911 | D:2      | Noticed Robin
  2152 | D:2      | Killed Robin
  2410 | D:2      | Noticed Terence
  2440 | D:2      | HP: 2/45 [Terence/mace (8)]
  2469 | D:2      | Killed Terence
  2469 | D:2      | Reached XP level 5. HP: 7/53 MP: 5/5
  3087 | D:3      | Found a blossoming altar of Fedhas.
  3106 | D:3      | Found a shadowy altar of Dithmenos.
  3302 | D:3      | Became a worshipper of Dithmenos the Shadowed
  3474 | D:3      | Reached skill level 1 in Stealth
  3713 | D:4      | HP: 2/53 [worker ant (2)]
  3714 | D:4      | Succumbed to a worker ant's poison

Skill      XL: |  1  2  3  4  5 |
---------------+----------------+-----
Dodging        | 2 |  2.7
Maces & Flails | 1 2 |  2.9
Fighting       | 3 |  3.5
Stealth        | 1 |  1.0
Throwing       | |  4.4
Evocations     | |  0.1

Action                   |  1- 3 |  4- 6 || total
-------------------------+-------+-------++-------
Melee: Mace              |   111 |   164 ||   275
       Short sword       |     5 |       ||     5
  Use: Potion            |       |     2 ||     2
 Stab: Sleeping          |     1 |       ||     1
  Eat: Chunk             |     3 |     6 ||     9
Armor: Robe              |    38 |    35 ||    73
       Skin              |       |    21 ||    21
Dodge: Dodged            |    77 |    72 ||   149
